 Dungeon Crawl Stone Soup version 0.30-b1-2-g02819fbbbe (webtiles) character file.

Game seed: 8667104296089273015

63 Anothat the Trooper (level 3, -1/31 HPs)
             Began as a Demigod Fighter on May 10, 2023.
             Succumbed to Robin's poison
             ... on level 2 of the Dungeon.
             The game lasted 00:02:51 (1192 turns).

Anothat the Trooper (Demigod Fighter)               Turns: 1192, Time: 00:02:52

Health: -1/31      AC:  6    Str: 16 (17) XL:     3   Next: 61%
Magic:  5/5        EV:  8    Int:  7 (10) God:
Gold:   98         SH:  4    Dex: 14 (17) Spells: 2/2 levels left

rFire   . . .        a - +1 long sword
rCold   . . .        c - +0 buckler
rNeg    . . .        b - +0 scale mail
rPois   .            (no helmet)
rElec   .            (no cloak)
rCorr   .            (no gloves)
SInv    .            (no boots)
Will    .....        (no amulet) Stlth
                     (no ring)
HPRegen 0.25/turn    (no ring)
MPRegen 0.09/turn

%: no passive effects
@: lethally poisoned (-1 -> -19)
A: high MP 1, forlorn, divine attributes
a: no special abilities


You were on level 2 of the Dungeon.
You visited 1 branch of the dungeon, and saw 2 of its levels.

You collected 98 gold pieces.

Inventory:

Hand Weapons
 a - a +1 long sword (weapon)
Armour
 b - a +0 scale mail (worn)
 c - a +0 buckler (worn)
Jewellery
 h - a ring of positive energy
Potions
 j - 3 potions of haste


   Skills:
 + Level 3.3 Fighting
 * Level 3.3 Long Blades
 - Level 2.6 Armour
 - Level 2.6 Shields


You had 2 spell levels left.
You didn't know any spells.
Your spell library was empty.

Dungeon Overview and Level Annotations

Branches:
Dungeon (2/15)


Innate Abilities, Weirdness & Mutations

You have an increased reservoir of magic. (+10% MP)
You shall have no god before yourself.
Your divine heritage dramatically boosts your attributes as you level up.


Message History

Your +0 scale mail unmelds from your body.
You start resting.
A hobgoblin comes into view.
There is a stone staircase leading up here.
You climb upwards.
There is a stone staircase leading down here.
You start resting.
You feel a little less mighty now.
You start resting.
HP restored.
You climb downwards.
There is a stone staircase leading up here.
Robin of the Strong Arm comes into view.
They are wielding a +4 spear of venom.
Items here: ))))))))))) ††††††.
Robin is nearby!
Robin shouts!
Robin roars a battlecry!
The hobgoblin goes into a battle-frenzy!
Found a runed helmet and a scroll labelled USTRUPN GOELAHI.
Robin barely misses you.
Robin hits you with a +4 spear of venom.
You are poisoned.
You hit Robin.
Robin is moderately wounded.
You feel very sick.
Robin hits you with a +4 spear of venom.
You are more poisoned.
Robin says, "Feeling lonely?"
Robin closely misses you.
You slash Robin!
Robin is almost dead.
You feel very sick.
Robin hits you with a +4 spear of venom.
You are lethally poisoned!
You slash Robin!
You kill Robin!
* * * LOW HITPOINT WARNING * * *
You feel extremely sick.
You closely miss the hobgoblin.
You die...

##### .....
#...# ... ...
#.# #g# #@#
#.####.## #
[........##.###.
.....###........
?### #)##.##.#
#.# # #<# #.#
#.#


You could see a hobgoblin (strong).

Vanquished Creatures
  Robin (D:2)
  An adder (D:2)
  A dart slug (D:1)
  6 ball pythons (D:1)
  2 bats (D:1)
  2 endoplasms (D:1)
  3 giant cockroaches (D:1)
  12 goblins
  2 hobgoblins
  A quokka (D:1)
  A frilled lizard (D:1)
  3 kobolds (D:1)
35 creatures vanquished.

Notes
Turn   | Place    | Note
-------+----------+-------------------------------------------
     0 | D:1      | Anothat the Demigod Fighter began the quest for the Orb.
     0 | D:1      | Reached XP level 1. HP: 18/18 MP: 3/3
   112 | D:1      | Reached XP level 2. HP: 17/25 MP: 4/4
  1052 | D:2      | Reached XP level 3. HP: 5/31 MP: 5/5
  1053 | D:2      | HP: 2/46 [poisoned by an adder]
  1184 | D:2      | Noticed Robin
  1191 | D:2      | Killed Robin
  1192 | D:2      | Succumbed to Robin's poison

Illustrated notes

Levels and vault maps discovered:
D:1:      tarquinn_simple_flora_water_d, layout_loops_ring, minmay_distorted
D:2:      layout_loops_ring, uniq_robin

Skill      XL: |  1  2 |
---------------+-------+-----
Long Blades    | 2 3 |  3.3
Fighting       | 3 |  3.3
Armour         | |  2.6
Shields        | |  2.6

Action                     || total
---------------------------++-------
  Melee: Long sword        ||   127
    Use: Scroll            ||     5
         Potion            ||     3
 Armour: Scale mail        ||    50
         Skin              ||    15
  Dodge: Dodged            ||    53
  Block: Buckler           ||    24
